 Dungeon Crawl Stone Soup version 0.14.0-15-g6b16f67 (webtiles) character file.

114 Kejsarherre the Ruinous (level 3, -2/21 HPs)
             Began as an Octopode Conjurer on Apr 17, 2014.
             Slain by Ijyb
             ... wielding a +2,+3 dagger of venom
              (3 damage)
             ... on Level 2 of the Dungeon.
             The game lasted 00:01:54 (1149 turns).

Kejsarherre the Ruinous (Octopode Conjurer)         Turns: 1149, Time: 00:01:54

HP  -2/21        AC  1     Str  7      XL: 3   Next: 29%
MP   2/8         EV 12     Int 18      God:
Gold 81          SH  0     Dex 12      Spells:  3 memorised,  2 levels left

rFire  . . .     SeeInvis .     (no weapon)
rCold  . . .     Clarity  .     (no shield)
rNeg   . . .     Conserve .     (helmet restricted)
rPois  .         rCorr    .     (no amulet)
rElec  .         rRot     .     (no ring)
SustAb . .       Spirit   .     (no ring)
rMut   .         Warding  .     (no ring)
Saprov . . .     Stasis   .     (no ring)
MR     .....                    (no ring)
                                (no ring)
                                (no ring)
                                (no ring)

@: invisible, lethally poisoned, very slightly contaminated, not resistant to
hostile enchantments, quite stealthy
A: almost no armour, amphibious, 8 rings, constrict 8, camouflage 1, gelatinous
body 1
a: no special abilities


You were on level 2 of the Dungeon.
You were hungry.

You visited 1 branch of the dungeon, and saw 2 of its levels.

You collected 81 gold pieces.

Inventory:

Comestibles
 b - 2 bread rations
 f - an apple
 g - a meat ration
Scrolls
 a - 2 scrolls of identify {unknown}
 h - a scroll of remove curse {unknown}
Jewellery
 e - a +1 ring of intelligence {unknown}
Potions
 d - a potion of invisibility
Books
 c - a book of Conjurations

   Spells                             Type                      Level
   *Magic Dart                        Conjuration                  1
   *Searing Ray                       Conjuration                  2
   *Dazzling Spray                    Conjuration/Hexes            3
   Fulminant Prism                    Conjuration/Hexes            4
   Iskenderun's Mystic Blast          Conjuration                  4
   Iskenderun's Battlesphere          Conjuration/Charms           5


   Skills:
 - Level 2.0 Dodging
 - Level 2.6 Stealth
 + Level 3.3 Spellcasting
 - Level 4.0 Conjurations


You had 2 spell levels left.
You knew the following spells:

 Your Spells              Type           Power        Failure   Level  Hunger
a - Magic Dart            Conj           ###.         3%          1    None
b - Searing Ray           Conj           ###...       6%          2    ##.....
c - Dazzling Spray        Conj/Hex       ##......     24%         3    ###....


Dungeon Overview and Level Annotations

Branches:
Dungeon (2/15)

Altars:

Annotations:
D:2 Ijyb


Innate Abilities, Weirdness & Mutations

You cannot wear most types of armour.
You are amphibious.
You can wear up to eight rings at the same time.
You can use your tentacles to constrict many enemies at once.
Your skin changes colour to match your surroundings (Stlth).
Your rubbery body absorbs attacks (AC +1).


Message History

Casting: Searing Ray
Confirm with . or Enter, or press ? or * to list all spells.
Aiming: Magic Dart
Press: ? - help, Shift-Dir - straight line, f/p - Ijyb
Aim: Ijyb, wielding a dagger of venom (heavily wounded)
The magic dart hits Ijyb.
Ijyb is severely wounded.
You feel sick. Ijyb hits you with a dagger of venom.
* * * LOW HITPOINT WARNING * * *
Drink which item? (? for menu, Esc to quit)
You fade into invisibility!
It was a potion of invisibility.
* * * LOW HITPOINT WARNING * * *
You feel sick. Ijyb hits you with a dagger of venom.
* * * LOW HITPOINT WARNING * * *
You are more poisoned.
You are very lightly contaminated with residual magic.
* * * LOW HITPOINT WARNING * * *
You feel sick. Ijyb hits you with a dagger of venom.
You die...

#....# #..# #...># .#..#
#....# .#(.###### #....#
........# # #....#
#..##...#.# #..).#
#..##...#.# #..%.#
#..##.....#
#....#####..##...###.####
#.....%..%.....@g........
##.#######..#####..(....#
#.### #..# .......
#...#####..# .......
#...<......# #######
#...######... #..)# #...
#...# #... ##### #..


You could see Ijyb.

Vanquished Creatures
  2 adders (D:2)
  2 giant geckos (D:2)
  A hobgoblin (D:1)
  3 kobolds (D:1)
  A ball python (D:1)
  A bat (D:1)
  2 giant newts
  3 goblins
  3 rats (D:1)
18 creatures vanquished.

Notes
Turn   | Place    | Note
--------------------------------------------------------------
     0 | D:1      | Kejsarherre, the Octopode Conjurer, began the quest for the Orb.
     0 | D:1      | Reached XP level 1. HP: 11/11 MP: 3/3
   568 | D:1      | Reached XP level 2. HP: 17/17 MP: 5/5
   967 | D:2      | Reached XP level 3. HP: 13/21 MP: 0/8
  1041 | D:2      | Learned a level 3 spell: Dazzling Spray
  1047 | D:2      | Noticed Ijyb
  1078 | D:2      | Learned a level 2 spell: Searing Ray
  1149 | D:2      | HP: 1/21 [poisoned by Ijyb]
  1149 | D:2      | Slain by Ijyb

Action                   || total
-------------------------++-------
Melee: Unarmed           ||    52
 Cast: Magic Dart        ||    15
       Searing Ray       ||     1
  Use: Potion            ||     1
 Stab: Sleeping          ||     2
